[ AOE2 MATCH · #477821709 ]
UnrankedHuns vs Vietnamese
[ REPLAY ANALYSIS · EXTRACTED FROM THE RECORDED GAME ]
Feudal
11:59
Castle
25:31
Imperial
—
| APM avg | 38.6 |
| APM peak | 72 |
| eAPM avg | 14.6 |
| Villagers / military | 88 / 60 |
Focus
⚔️ 25.6% · 🌾 74.4%
Cavalry Archer ×29 · Archer ×25 · Spearman ×3 · Mangonel ×2 · Battering Ram ×1
Feudal
13:49
Castle
17:47
Imperial
38:44
| APM avg | 37.9 |
| APM peak | 85 |
| eAPM avg | 16.7 |
| Villagers / military | 125 / 103 |
Focus
⚔️ 31.2% · 🌾 68.8%
Rattan Archer ×103
Feudal
—
Castle
—
Imperial
—
| APM avg | 19.9 |
| APM peak | 55 |
| eAPM avg | 11.4 |
| Villagers / military | 95 / 38 |
Focus
⚔️ 24.2% · 🌾 75.8%
Archer ×15 · Skirmisher ×15 · Rattan Archer ×5 · Trebuchet (Packed) ×2 · Mangonel ×1
Feudal
13:04
Castle
32:09
Imperial
—
| APM avg | 29.6 |
| APM peak | 59 |
| eAPM avg | 22.1 |
| Villagers / military | 122 / 2 |
Focus
⚔️ 11.4% · 🌾 88.6%
Unknown (1949) ×3 · Monk ×2
Feudal
13:33
Castle
20:06
Imperial
37:57
| APM avg | 23.3 |
| APM peak | 45 |
| eAPM avg | 14.8 |
| Villagers / military | 86 / 58 |
Focus
⚔️ 22.2% · 🌾 77.8%
Scout Cavalry ×45 · Camel Scout ×11 · Monk ×1 · Spearman ×1
Feudal
12:53
Castle
17:08
Imperial
—
| APM avg | 44.7 |
| APM peak | 86 |
| eAPM avg | 13.6 |
| Villagers / military | 104 / 36 |
Focus
⚔️ 23.3% · 🌾 76.7%
Conquistador ×36
Feudal
13:27
Castle
17:16
Imperial
—
| APM avg | 55.9 |
| APM peak | 100 |
| eAPM avg | 23.2 |
| Villagers / military | 140 / 42 |
Focus
⚔️ 31.7% · 🌾 68.3%
Conquistador ×42
Feudal
11:35
Castle
27:21
Imperial
—
| APM avg | 31.6 |
| APM peak | 80 |
| eAPM avg | 16.5 |
| Villagers / military | 128 / 14 |
Focus
⚔️ 14.5% · 🌾 85.5%
War Wagon ×9 · Battering Ram ×4 · Iron Pagoda ×1
Match map
Initial resources + every placement click. Lines = walls · curves = elevation contours. ◆ gold · ⬟ stone · ● berries · ✦ relic · ◌ wall gap
Your base· Open — unwalled flank
BruceC's base· Open — 14t gap
DEMLOUDBOYZ's base· Open — unwalled flank
Equilibrium's base· Open — unwalled flank
PedrodeMatos's base· Open — 7t gap
Wents's base· Open — unwalled flank
FOFOCA's base· Open — unwalled flank
姆狗's base· Open — 5t gap
Smoothed initial terrain · ◌ = detected wall gap · hover for details
Inputs per minute
— Cronik - - BruceC
Build order — Cronik
First 150 of 225 actions detected
| 0:24 | Build | Town Center |
| 2:44 | Create | Villager (Male) ×4 |
| 3:49 | Create | Villager (Male) |
| 4:06 | Create | Villager (Male) |
| 4:27 | Create | Villager (Male) |
| 4:39 | Build | Lumber Camp |
| 4:53 | Create | Villager (Male) |
| 4:54 | Create | Villager (Male) |
| 5:24 | Create | Villager (Male) |
| 5:45 | Create | Villager (Male) |
| 5:45 | Create | Villager (Male) |
| 6:01 | Create | Villager (Male) |
| 6:02 | Create | Villager (Male) |
| 6:44 | Create | Villager (Male) |
| 7:34 | Build | Mill |
| 7:43 | Create | Villager (Male) |
| 7:43 | Create | Villager (Male) |
| 8:23 | Create | Villager (Male) |
| 8:47 | Create | Villager (Male) |
| 8:47 | Research | Loom |
| 9:47 | Research | Feudal Age |
| 9:48 | Research | Feudal Age |
| 9:59 | Build | Mining Camp |
| 10:20 | Create | Villager (Male) |
| 11:08 | Build | Barracks |
| 11:10 | Build | Palisade Wall |
| 11:39 | Build | Palisade Wall |
| 11:45 | Build | Palisade Wall |
| 11:47 | Build | Palisade Wall |
| 11:52 | Build | Palisade Gate |
| 11:54 | Create | Villager (Male) |
| 11:59 | Age | Feudal Age |
| 12:08 | Build | Archery Range |
| 12:12 | Create | Villager (Male) |
| 12:17 | Research | Double-Bit Axe |
| 12:39 | Create | Spearman |
| 12:50 | Create | Archer |
| 12:51 | Create | Archer |
| 13:01 | Create | Villager (Male) |
| 13:31 | Build | Blacksmith |
| 13:36 | Create | Archer |
| 13:37 | Create | Villager (Male) |
| 13:45 | Build | Watch Tower |
| 14:01 | Create | Villager (Male) |
| 14:03 | Create | Archer |
| 14:16 | Create | Villager (Male) |
| 14:20 | Create | Archer |
| 14:38 | Create | Villager (Male) |
| 15:11 | Create | Villager (Male) |
| 15:30 | Build | Market |
| 15:33 | Create | Archer |
| 15:34 | Create | Villager (Male) |
| 15:41 | Create | Villager (Male) |
| 16:07 | Create | Archer |
| 16:26 | Build | Archery Range |
| 16:33 | Create | Villager (Male) |
| 16:41 | Research | Fletching |
| 16:43 | Create | Villager (Male) |
| 17:07 | Create | Villager (Male) |
| 17:08 | Create | Villager (Male) |
| 17:20 | Create | Archer |
| 17:27 | Create | Villager (Male) |
| 17:35 | Create | Archer |
| 17:35 | Create | Archer |
| 17:52 | Create | Archer |
| 18:01 | Create | Villager (Male) |
| 18:02 | Create | Archer |
| 18:02 | Create | Archer |
| 18:05 | Research | Padded Archer Armor |
| 18:05 | Research | Padded Archer Armor |
| 18:31 | Build | Mill |
| 18:38 | Build | Mill |
| 18:40 | Create | Villager (Male) |
| 18:41 | Create | Archer |
| 18:53 | Build | Mining Camp |
| 18:56 | Create | Villager (Male) |
| 19:15 | Create | Villager (Male) |
| 19:16 | Create | Archer |
| 19:16 | Create | Archer |
| 19:24 | Create | Villager (Male) |
| 19:37 | Build | Farm |
| 19:43 | Build | Farm |
| 19:47 | Build | Farm |
| 19:48 | Build | Farm |
| 19:53 | Create | Archer |
| 19:53 | Create | Archer |
| 20:07 | Create | Archer |
| 20:08 | Create | Villager (Male) |
| 20:28 | Create | Archer |
| 20:29 | Create | Archer |
| 20:29 | Create | Villager (Male) |
| 20:33 | Build | Farm |
| 20:58 | Create | Archer |
| 21:08 | Create | Villager (Male) |
| 21:09 | Create | Archer |
| 21:09 | Create | Archer |
| 21:18 | Build | Farm |
| 21:21 | Build | Farm |
| 21:41 | Create | Villager (Male) |
| 21:42 | Create | Archer |
| 21:59 | Build | Palisade Wall |
| 22:00 | Build | Palisade Wall |
| 22:08 | Create | Villager (Male) |
| 22:26 | Create | Spearman |
| 22:26 | Create | Spearman |
| 22:39 | Build | Farm |
| 22:40 | Build | Farm |
| 22:41 | Build | Farm |
| 22:51 | Research | Castle Age |
| 23:13 | Build | Watch Tower |
| 23:27 | Research | Gold Mining |
| 24:10 | Create | Villager (Male) |
| 25:31 | Age | Castle Age |
| 25:33 | Create | Cavalry Archer |
| 25:33 | Create | Cavalry Archer |
| 25:34 | Create | Villager (Male) |
| 25:39 | Build | University |
| 25:43 | Research | Crossbowman (upgrade) |
| 25:44 | Research | Crossbowman (upgrade) |
| 25:48 | Research | Bow Saw |
| 25:49 | Create | Villager (Male) |
| 26:06 | Create | Cavalry Archer |
| 26:06 | Create | Cavalry Archer |
| 26:19 | Research | Ballistics |
| 26:19 | Research | Ballistics |
| 26:24 | Create | Villager (Male) |
| 26:50 | Build | Town Center |
| 26:56 | Create | Cavalry Archer ×2 |
| 27:48 | Create | Villager (Male) |
| 28:11 | Create | Villager (Male) |
| 28:25 | Create | Villager (Male) |
| 28:42 | Build | Town Center |
| 28:50 | Build | Mining Camp |
| 28:56 | Create | Cavalry Archer |
| 28:56 | Create | Cavalry Archer |
| 28:57 | Create | Cavalry Archer |
| 28:57 | Create | Villager (Male) |
| 29:28 | Create | Villager (Male) |
| 29:28 | Create | Villager (Male) |
| 29:29 | Create | Villager (Male) |
| 29:29 | Create | Villager (Male) |
| 29:30 | Create | Villager (Male) |
| 29:52 | Build | Siege Workshop |
| 29:55 | Create | Villager (Male) |
| 30:14 | Build | Farm |
| 30:15 | Build | Farm |
| 30:15 | Build | Farm |
| 30:15 | Build | Farm |
| 30:15 | Build | Farm |
| 30:16 | Build | Farm |
Build order — BruceC
First 150 of 317 actions detected
| 0:19 | Build | Town Center |
| 2:50 | Create | Villager (Male) |
| 2:51 | Create | Villager (Male) |
| 2:53 | Build | House |
| 3:06 | Create | Villager (Male) |
| 3:06 | Create | Villager (Male) |
| 4:34 | Create | Villager (Male) |
| 4:34 | Create | Villager (Male) |
| 4:45 | Build | House |
| 4:47 | Build | House |
| 4:49 | Create | Villager (Male) |
| 4:49 | Create | Villager (Male) |
| 4:49 | Create | Villager (Male) |
| 5:16 | Research | Loom |
| 5:25 | Create | Villager (Male) |
| 5:25 | Create | Villager (Male) |
| 5:25 | Create | Villager (Male) |
| 5:33 | Build | Lumber Camp |
| 5:56 | Build | House |
| 5:57 | Create | Villager (Male) |
| 5:57 | Create | Villager (Male) |
| 6:19 | Create | Villager (Male) |
| 6:19 | Create | Villager (Male) |
| 6:58 | Create | Villager (Male) |
| 6:59 | Create | Villager (Male) |
| 6:59 | Create | Villager (Male) |
| 7:33 | Create | Villager (Male) |
| 7:34 | Create | Villager (Male) |
| 8:12 | Create | Villager (Male) |
| 8:21 | Create | Villager (Male) |
| 8:22 | Create | Villager (Male) |
| 8:53 | Build | Mill |
| 8:55 | Create | Villager (Male) |
| 9:11 | Create | Villager (Male) |
| 9:41 | Create | Villager (Male) |
| 10:01 | Create | Villager (Male) |
| 10:26 | Create | Villager (Male) |
| 10:39 | Create | Villager (Male) |
| 11:06 | Build | House |
| 11:08 | Create | Villager (Male) |
| 11:38 | Research | Feudal Age |
| 12:11 | Build | Barracks |
| 13:29 | Build | Mining Camp |
| 13:32 | Create | Villager (Male) |
| 13:32 | Create | Villager (Male) |
| 13:49 | Age | Feudal Age |
| 13:53 | Build | Blacksmith |
| 14:16 | Build | Archery Range |
| 14:20 | Create | Villager (Male) |
| 15:07 | Research | Castle Age |
| 15:07 | Research | Castle Age |
| 15:25 | Research | Fletching |
| 15:25 | Research | Fletching |
| 15:26 | Research | Fletching |
| 15:33 | Build | Mill |
| 15:37 | Build | House |
| 16:44 | Research | Double-Bit Axe |
| 16:45 | Research | Double-Bit Axe |
| 17:47 | Age | Castle Age |
| 17:49 | Build | Castle |
| 17:54 | Research | Bodkin Arrow |
| 17:54 | Research | Bodkin Arrow |
| 17:55 | Create | Villager (Male) |
| 17:57 | Create | Villager (Male) |
| 18:28 | Create | Villager (Male) |
| 19:00 | Create | Rattan Archer |
| 19:00 | Create | Rattan Archer |
| 19:13 | Create | Rattan Archer |
| 19:17 | Create | Villager (Male) |
| 19:26 | Build | Mining Camp |
| 19:41 | Create | Villager (Male) |
| 19:45 | Build | Town Center |
| 19:47 | Create | Rattan Archer |
| 19:47 | Create | Rattan Archer |
| 19:48 | Create | Rattan Archer |
| 20:36 | Create | Rattan Archer |
| 20:37 | Create | Rattan Archer |
| 20:51 | Create | Villager (Male) |
| 20:52 | Create | Villager (Male) |
| 20:54 | Create | Villager (Male) |
| 20:55 | Create | Villager (Male) |
| 20:56 | Create | Villager (Male) |
| 21:11 | Create | Villager (Male) |
| 21:11 | Create | Villager (Male) |
| 21:11 | Create | Villager (Male) |
| 21:11 | Create | Villager (Male) |
| 21:12 | Create | Villager (Male) |
| 21:28 | Create | Villager (Male) |
| 21:29 | Create | Villager (Male) |
| 21:29 | Create | Villager (Male) |
| 21:32 | Build | Farm |
| 21:34 | Build | Farm |
| 21:55 | Create | Rattan Archer |
| 21:55 | Create | Rattan Archer |
| 21:56 | Create | Rattan Archer |
| 21:56 | Create | Rattan Archer |
| 22:17 | Create | Villager (Male) |
| 22:18 | Create | Villager (Male) |
| 22:30 | Create | Rattan Archer |
| 22:30 | Create | Rattan Archer |
| 22:30 | Create | Rattan Archer |
| 22:43 | Create | Villager (Male) |
| 22:43 | Create | Villager (Male) |
| 22:43 | Create | Villager (Male) |
| 23:10 | Create | Rattan Archer |
| 23:11 | Create | Rattan Archer |
| 23:11 | Create | Rattan Archer |
| 23:12 | Create | Villager (Male) |
| 23:12 | Create | Villager (Male) |
| 23:13 | Create | Villager (Male) |
| 23:13 | Create | Villager (Male) |
| 23:13 | Create | Villager (Male) |
| 23:48 | Build | Town Center |
| 23:50 | Create | Rattan Archer |
| 23:50 | Create | Rattan Archer |
| 23:50 | Create | Rattan Archer |
| 23:53 | Create | Villager (Male) |
| 23:53 | Create | Villager (Male) |
| 24:06 | Create | Rattan Archer |
| 24:07 | Create | Rattan Archer |
| 24:11 | Create | Villager (Male) |
| 24:11 | Create | Villager (Male) |
| 24:11 | Create | Villager (Male) |
| 24:50 | Build | House |
| 24:50 | Build | House |
| 24:59 | Create | Rattan Archer |
| 24:59 | Create | Rattan Archer |
| 25:00 | Create | Rattan Archer |
| 25:09 | Create | Villager (Male) |
| 25:10 | Create | Villager (Male) |
| 25:48 | Create | Rattan Archer |
| 25:48 | Create | Rattan Archer |
| 25:49 | Create | Rattan Archer |
| 25:49 | Create | Rattan Archer |
| 25:50 | Create | Villager (Male) |
| 25:50 | Create | Villager (Male) |
| 26:00 | Create | Villager (Male) |
| 26:01 | Create | Villager (Male) |
| 26:04 | Create | Rattan Archer |
| 26:04 | Create | Rattan Archer |
| 26:06 | Create | Villager (Male) |
| 26:06 | Create | Villager (Male) |
| 26:13 | Build | Town Center |
| 26:20 | Build | Mining Camp |
| 26:29 | Build | House |
| 26:30 | Build | House |
| 27:06 | Create | Rattan Archer |
| 27:07 | Create | Rattan Archer |
| 27:07 | Create | Rattan Archer |
| 27:07 | Create | Rattan Archer |
Build order — DEMLOUDBOYZ
First 150 of 213 actions detected
| 0:22 | Build | Town Center |
| 2:38 | Build | House |
| 2:41 | Build | House |
| 2:48 | Create | Villager (Male) ×4 |
| 2:49 | Create | Villager (Male) ×4 |
| 3:05 | Build | Lumber Camp |
| 3:49 | Build | Palisade Wall |
| 4:18 | Create | Villager (Male) |
| 4:48 | Build | House |
| 4:57 | Create | Villager (Male) |
| 4:58 | Create | Villager (Male) |
| 4:58 | Create | Villager (Male) |
| 5:37 | Create | Villager (Male) |
| 6:19 | Create | Villager (Male) |
| 6:19 | Create | Villager (Male) |
| 6:19 | Create | Villager (Male) |
| 6:34 | Create | Villager (Male) |
| 6:53 | Build | House |
| 7:23 | Build | Mining Camp |
| 7:28 | Create | Villager (Male) |
| 7:55 | Create | Villager (Male) |
| 7:56 | Create | Villager (Male) |
| 7:57 | Research | Loom |
| 9:17 | Research | Feudal Age |
| 10:28 | Build | Barracks |
| 11:06 | Create | Villager (Male) |
| 11:07 | Create | Villager (Male) |
| 11:29 | Build | Archery Range |
| 11:46 | Research | Double-Bit Axe |
| 11:51 | Create | Villager (Male) |
| 12:18 | Build | Mill |
| 12:19 | Create | Villager (Male) |
| 12:32 | Build | Palisade Gate |
| 12:34 | Build | House |
| 12:46 | Create | Archer |
| 12:47 | Create | Villager (Male) |
| 13:08 | Build | House |
| 13:37 | Create | Villager (Male) |
| 13:38 | Create | Archer |
| 13:43 | Build | House |
| 13:44 | Build | House |
| 13:53 | Create | Archer |
| 13:54 | Create | Villager (Male) |
| 14:13 | Create | Archer |
| 14:22 | Create | Villager (Male) |
| 14:40 | Build | Blacksmith |
| 14:42 | Create | Archer |
| 15:07 | Create | Villager (Male) |
| 15:10 | Create | Archer |
| 15:47 | Research | Fletching |
| 15:56 | Create | Archer |
| 16:11 | Build | Watch Tower |
| 16:15 | Create | Archer |
| 16:17 | Create | Villager (Male) |
| 16:22 | Research | Padded Archer Armor |
| 16:33 | Build | Farm |
| 16:35 | Build | Farm |
| 16:38 | Build | Farm |
| 16:47 | Create | Villager (Male) |
| 16:50 | Create | Archer |
| 17:05 | Build | Farm |
| 17:10 | Build | Farm |
| 17:14 | Build | Farm |
| 17:16 | Build | Farm |
| 17:17 | Create | Villager (Male) |
| 17:25 | Create | Villager (Male) |
| 17:49 | Create | Villager (Male) |
| 17:55 | Build | House |
| 17:57 | Build | House |
| 18:11 | Build | Mining Camp |
| 18:15 | Create | Villager (Male) |
| 18:16 | Create | Archer |
| 18:38 | Create | Villager (Male) |
| 19:12 | Create | Villager (Male) |
| 19:33 | Build | Farm |
| 19:36 | Build | Farm |
| 19:40 | Build | Farm |
| 19:41 | Create | Villager (Male) |
| 19:43 | Create | Villager (Male) |
| 19:57 | Build | Farm |
| 20:00 | Build | Farm |
| 20:02 | Create | Villager (Male) |
| 20:06 | Build | Mill |
| 20:09 | Build | Farm |
| 20:27 | Build | Watch Tower |
| 20:47 | Create | Villager (Male) |
| 21:04 | Create | Villager (Male) |
| 21:17 | Build | Watch Tower |
| 21:43 | Create | Villager (Male) |
| 21:46 | Create | Archer |
| 21:47 | Create | Skirmisher |
| 22:05 | Create | Villager (Male) |
| 22:18 | Create | Villager (Male) |
| 22:20 | Create | Archer |
| 22:27 | Build | Farm |
| 22:44 | Build | Farm |
| 22:50 | Create | Villager (Male) |
| 22:57 | Build | Archery Range |
| 23:16 | Build | Market |
| 23:26 | Build | Farm |
| 23:27 | Create | Villager (Male) |
| 23:34 | Build | Farm |
| 24:16 | Research | Castle Age |
| 24:23 | Build | Farm |
| 24:30 | Create | Skirmisher |
| 24:30 | Create | Skirmisher |
| 24:34 | Create | Archer |
| 24:51 | Research | Horse Collar |
| 24:54 | Create | Skirmisher |
| 24:56 | Create | Skirmisher |
| 25:02 | Build | House |
| 25:03 | Build | House |
| 25:16 | Create | Skirmisher |
| 25:19 | Create | Skirmisher |
| 25:30 | Build | House |
| 25:33 | Build | House |
| 26:06 | Create | Skirmisher |
| 26:09 | Create | Skirmisher |
| 26:59 | Build | Castle |
| 27:09 | Research | Elite Skirmisher (upgrade) |
| 27:12 | Research | Bodkin Arrow |
| 28:18 | Create | Villager (Male) |
| 28:22 | Create | Villager (Male) |
| 28:28 | Build | Town Center |
| 28:41 | Create | Villager (Male) |
| 28:43 | Create | Skirmisher |
| 28:44 | Create | Skirmisher |
| 28:46 | Create | Skirmisher |
| 28:46 | Create | Skirmisher |
| 29:04 | Create | Villager (Male) |
| 29:04 | Create | Villager (Male) |
| 29:07 | Research | Heavy Plow |
| 29:10 | Research | Bow Saw |
| 29:27 | Build | Farm |
| 29:37 | Create | Skirmisher |
| 29:39 | Create | Skirmisher |
| 29:52 | Research | Leather Archer Armor |
| 30:00 | Create | Villager (Male) |
| 30:57 | Create | Villager (Male) |
| 30:57 | Create | Villager (Male) |
| 31:04 | Build | Siege Workshop |
| 31:12 | Create | Villager (Male) |
| 31:12 | Create | Villager (Male) |
| 31:12 | Create | Villager (Male) |
| 31:12 | Create | Villager (Male) |
| 31:12 | Create | Villager (Male) |
| 31:12 | Create | Villager (Male) |
| 31:44 | Build | University |
| 31:53 | Create | Mangonel |
| 31:55 | Create | Villager (Male) |
Build order — Equilibrium
First 150 of 211 actions detected
| 0:04 | Build | Town Center |
| 1:55 | Build | House |
| 2:09 | Create | Villager (Male) |
| 2:09 | Create | Villager (Male) |
| 2:39 | Research | Loom |
| 2:53 | Create | Villager (Male) |
| 3:06 | Create | Villager (Male) |
| 3:11 | Build | House |
| 3:26 | Create | Villager (Male) |
| 4:01 | Create | Villager (Male) |
| 4:31 | Build | Lumber Camp |
| 4:59 | Create | Villager (Male) |
| 4:59 | Create | Villager (Male) |
| 5:29 | Create | Villager (Male) |
| 5:48 | Build | House |
| 6:08 | Create | Villager (Male) |
| 6:09 | Create | Villager (Male) |
| 6:40 | Create | Villager (Male) |
| 6:40 | Create | Villager (Male) |
| 6:40 | Create | Villager (Male) |
| 7:34 | Create | Villager (Male) |
| 7:34 | Create | Villager (Male) |
| 8:05 | Create | Villager (Male) |
| 8:34 | Build | House |
| 8:36 | Build | House |
| 8:39 | Create | Villager (Male) |
| 8:58 | Build | Mill |
| 9:06 | Create | Villager (Male) |
| 9:33 | Create | Villager (Male) |
| 9:48 | Create | Villager (Male) |
| 10:08 | Build | Mining Camp |
| 10:11 | Create | Villager (Male) |
| 10:41 | Research | Feudal Age |
| 11:27 | Create | Villager (Male) |
| 11:28 | Create | Villager (Male) |
| 12:40 | Build | Palisade Wall |
| 12:42 | Build | Palisade Wall |
| 12:44 | Build | Palisade Wall |
| 12:54 | Build | Palisade Wall |
| 13:04 | Age | Feudal Age |
| 13:09 | Create | Villager (Male) |
| 13:09 | Create | Villager (Male) |
| 13:10 | Create | Villager (Male) |
| 13:10 | Create | Villager (Male) |
| 13:33 | Build | Watch Tower |
| 13:36 | Create | Villager (Male) |
| 13:37 | Create | Villager (Male) |
| 13:39 | Build | Market |
| 14:22 | Create | Villager (Male) |
| 14:23 | Create | Villager (Male) |
| 14:23 | Create | Villager (Male) |
| 14:23 | Create | Villager (Male) |
| 14:53 | Create | Villager (Male) |
| 14:54 | Create | Villager (Male) |
| 14:54 | Create | Villager (Male) |
| 15:07 | Build | Watch Tower |
| 16:38 | Build | Watch Tower |
| 18:19 | Build | Mill |
| 18:53 | Create | Villager (Male) |
| 19:06 | Create | Villager (Male) |
| 19:32 | Create | Villager (Male) |
| 19:37 | Research | Double-Bit Axe |
| 19:48 | Build | House |
| 19:49 | Build | House |
| 20:08 | Build | Mining Camp |
| 20:09 | Create | Villager (Male) |
| 20:34 | Create | Villager (Male) |
| 20:38 | Build | Mining Camp |
| 21:04 | Create | Villager (Male) |
| 21:04 | Create | Villager (Male) |
| 21:04 | Create | Villager (Male) |
| 21:07 | Research | Wheelbarrow |
| 21:35 | Create | Villager (Male) |
| 21:50 | Create | Villager (Male) |
| 22:05 | Build | Watch Tower |
| 22:08 | Create | Villager (Male) |
| 22:22 | Build | Barracks |
| 22:29 | Create | Villager (Male) |
| 22:46 | Research | Horse Collar |
| 22:50 | Create | Villager (Male) |
| 22:56 | Research | Stone Mining |
| 23:08 | Create | Villager (Male) |
| 23:21 | Build | House |
| 23:26 | Create | Villager (Male) |
| 23:35 | Build | Blacksmith |
| 23:44 | Create | Villager (Male) |
| 24:03 | Build | Mill |
| 24:12 | Build | House |
| 24:13 | Build | House |
| 24:17 | Create | Villager (Male) |
| 24:30 | Create | Villager (Male) |
| 24:45 | Research | Fletching |
| 24:58 | Create | Villager (Male) |
| 25:36 | Create | Villager (Male) |
| 25:36 | Create | Villager (Male) |
| 25:36 | Create | Villager (Male) |
| 26:11 | Build | Lumber Camp |
| 26:27 | Create | Villager (Male) |
| 26:34 | Build | Watch Tower |
| 26:41 | Build | Watch Tower |
| 26:52 | Create | Villager (Male) |
| 26:55 | Create | Villager (Male) |
| 27:33 | Create | Villager (Male) |
| 27:33 | Create | Villager (Male) |
| 27:48 | Create | Villager (Male) |
| 27:54 | Create | Villager (Male) |
| 28:00 | Research | Gold Mining |
| 29:29 | Research | Castle Age |
| 29:29 | Research | Castle Age |
| 30:40 | Build | Lumber Camp |
| 30:50 | Build | Lumber Camp |
| 31:16 | Create | Villager (Male) |
| 31:17 | Create | Villager (Male) |
| 32:09 | Age | Castle Age |
| 32:13 | Build | Town Center |
| 32:19 | Build | Town Center |
| 32:28 | Research | Heavy Plow |
| 32:30 | Research | Bow Saw |
| 33:00 | Build | University |
| 33:09 | Create | Villager (Male) |
| 33:10 | Create | Villager (Male) |
| 33:25 | Research | Gold Shaft Mining |
| 33:45 | Build | Town Center |
| 33:50 | Create | Villager (Male) |
| 34:09 | Create | Villager (Male) |
| 34:17 | Research | Guard Tower (upgrade) |
| 34:25 | Create | Villager (Male) |
| 34:26 | Create | Villager (Male) |
| 34:46 | Create | Villager (Male) |
| 34:46 | Create | Villager (Male) |
| 34:56 | Create | Villager (Male) |
| 34:56 | Create | Villager (Male) |
| 35:04 | Build | Town Center |
| 35:08 | Build | Town Center |
| 35:16 | Create | Villager (Male) |
| 35:20 | Create | Villager (Male) |
| 35:20 | Create | Villager (Male) |
| 35:21 | Create | Villager (Male) |
| 35:30 | Build | Castle |
| 35:33 | Create | Villager (Male) |
| 35:39 | Build | Monastery |
| 35:48 | Create | Villager (Male) |
| 36:09 | Research | Bodkin Arrow |
| 36:25 | Build | Monastery |
| 36:33 | Create | Villager (Male) |
| 36:33 | Create | Villager (Male) |
| 36:36 | Create | Monk |
| 36:37 | Create | Villager (Male) |
| 36:38 | Create | Villager (Male) |
| 36:38 | Create | Villager (Male) |
Build order — PedrodeMatos
First 150 of 255 actions detected
| 0:19 | Build | Town Center |
| 1:21 | Build | House |
| 2:38 | Create | Villager (Male) |
| 2:38 | Create | Villager (Male) |
| 2:38 | Create | Villager (Male) |
| 2:39 | Create | Villager (Male) |
| 2:39 | Create | Villager (Male) |
| 3:18 | Research | Loom |
| 3:32 | Create | Villager (Male) |
| 4:12 | Create | Villager (Male) |
| 4:25 | Create | Villager (Male) |
| 4:47 | Build | House |
| 4:50 | Build | House |
| 4:55 | Build | House |
| 5:01 | Create | Villager (Male) |
| 5:19 | Create | Villager (Male) |
| 5:35 | Build | Lumber Camp |
| 5:44 | Create | Villager (Male) |
| 6:09 | Create | Villager (Male) |
| 6:45 | Create | Villager (Male) |
| 7:06 | Create | Villager (Male) |
| 7:37 | Create | Villager (Male) |
| 7:59 | Create | Villager (Male) |
| 8:22 | Create | Villager (Male) |
| 8:26 | Build | Mill |
| 8:31 | Create | Villager (Male) |
| 8:52 | Build | House |
| 9:15 | Create | Villager (Male) |
| 9:42 | Create | Villager (Male) |
| 10:01 | Create | Villager (Male) |
| 10:07 | Build | Farm |
| 10:29 | Create | Villager (Male) |
| 10:31 | Build | Farm |
| 10:54 | Create | Villager (Male) |
| 11:18 | Build | Mining Camp |
| 11:22 | Research | Feudal Age |
| 12:18 | Build | House |
| 12:50 | Build | Barracks |
| 13:01 | Create | Villager (Male) |
| 13:26 | Build | Farm |
| 13:33 | Age | Feudal Age |
| 13:55 | Build | Farm |
| 13:56 | Create | Spearman |
| 14:00 | Create | Villager (Male) |
| 14:22 | Create | Villager (Male) |
| 14:42 | Build | Stable |
| 14:45 | Create | Villager (Male) |
| 14:53 | Research | Double-Bit Axe |
| 14:59 | Build | Farm |
| 15:08 | Build | Farm |
| 15:15 | Build | House |
| 15:22 | Create | Villager (Male) |
| 15:43 | Build | Blacksmith |
| 15:45 | Create | Villager (Male) |
| 15:51 | Build | Farm |
| 16:02 | Build | Farm |
| 16:07 | Build | Farm |
| 16:20 | Build | Farm |
| 16:21 | Create | Villager (Male) |
| 16:26 | Build | Farm |
| 16:48 | Build | Farm |
| 16:49 | Create | Villager (Male) |
| 17:02 | Build | Farm |
| 17:07 | Build | Farm |
| 17:12 | Build | Farm |
| 17:26 | Research | Castle Age |
| 17:56 | Build | House |
| 18:00 | Research | Gold Mining |
| 18:04 | Research | Horse Collar |
| 18:26 | Research | Bloodlines |
| 18:26 | Research | Bloodlines |
| 18:30 | Build | House |
| 18:50 | Research | Gold Mining |
| 18:50 | Research | Gold Mining |
| 19:12 | Create | Villager (Male) |
| 19:20 | Build | House |
| 19:39 | Research | Scale Barding Armor |
| 20:06 | Age | Castle Age |
| 20:09 | Build | Town Center |
| 20:18 | Research | Bow Saw |
| 20:26 | Create | Camel Scout |
| 20:33 | Create | Villager (Male) |
| 20:34 | Create | Villager (Male) |
| 20:45 | Build | Farm |
| 20:49 | Build | Farm |
| 20:54 | Create | Villager (Male) |
| 20:54 | Create | Villager (Male) |
| 21:02 | Build | Farm |
| 21:03 | Build | Farm |
| 21:04 | Build | Farm |
| 21:08 | Create | Camel Scout |
| 21:25 | Create | Camel Scout |
| 21:38 | Create | Villager (Male) |
| 21:38 | Create | Villager (Male) |
| 21:51 | Build | Farm |
| 22:17 | Build | Siege Workshop |
| 22:19 | Create | Camel Scout |
| 22:40 | Research | Light Cavalry (upgrade) |
| 22:50 | Research | Wheelbarrow |
| 22:58 | Build | Stable |
| 23:08 | Research | Husbandry |
| 23:52 | Create | Camel Scout |
| 23:54 | Create | Villager (Male) |
| 23:54 | Create | Villager (Male) |
| 24:04 | Build | House |
| 24:05 | Research | Chain Barding Armor |
| 24:15 | Build | Town Center |
| 24:21 | Build | Farm |
| 24:23 | Build | Farm |
| 24:24 | Build | Farm |
| 24:26 | Build | Farm |
| 24:27 | Build | Farm |
| 24:29 | Create | Villager (Male) |
| 24:30 | Create | Villager (Male) |
| 24:37 | Research | Light Cavalry (upgrade) |
| 24:45 | Create | Scout Cavalry |
| 24:56 | Build | House |
| 24:57 | Build | House |
| 25:00 | Create | Villager (Male) |
| 25:00 | Create | Villager (Male) |
| 25:04 | Build | Farm |
| 25:08 | Create | Villager (Male) |
| 25:12 | Build | Lumber Camp |
| 25:21 | Create | Villager (Male) |
| 25:21 | Create | Villager (Male) |
| 25:26 | Create | Scout Cavalry |
| 25:36 | Create | Villager (Male) |
| 25:40 | Build | Farm |
| 25:42 | Create | Villager (Male) |
| 25:43 | Create | Villager (Male) |
| 25:48 | Build | Farm |
| 25:48 | Build | Farm |
| 25:52 | Create | Scout Cavalry |
| 25:56 | Build | House |
| 25:58 | Create | Villager (Male) |
| 25:58 | Create | Villager (Male) |
| 26:13 | Create | Scout Cavalry |
| 26:13 | Create | Scout Cavalry |
| 26:19 | Build | Farm |
| 26:27 | Build | Farm |
| 26:27 | Build | Farm |
| 26:29 | Create | Villager (Male) |
| 26:29 | Create | Villager (Male) |
| 26:32 | Create | Scout Cavalry |
| 26:52 | Build | Stable |
| 27:02 | Create | Scout Cavalry |
| 27:03 | Create | Scout Cavalry |
| 27:36 | Build | Stable |
| 27:59 | Create | Camel Scout |
| 28:01 | Create | Camel Scout |
Build order — Wents
First 150 of 217 actions detected
| 1:09 | Build | Town Center |
| 2:43 | Build | Palisade Gate |
| 3:01 | Create | Villager (Male) |
| 3:13 | Build | House |
| 3:14 | Create | Villager (Male) |
| 3:15 | Create | Villager (Male) |
| 3:15 | Create | Villager (Male) |
| 3:15 | Create | Villager (Male) |
| 4:31 | Create | Villager (Male) |
| 4:31 | Create | Villager (Male) |
| 4:48 | Create | Villager (Male) |
| 5:27 | Create | Villager (Male) |
| 5:27 | Create | Villager (Male) |
| 5:40 | Create | Villager (Male) |
| 5:40 | Create | Villager (Male) |
| 5:45 | Build | Lumber Camp |
| 6:04 | Build | House |
| 6:08 | Research | Loom |
| 6:08 | Research | Loom |
| 6:33 | Create | Villager (Male) |
| 6:50 | Create | Villager (Male) |
| 7:04 | Create | Villager (Male) |
| 7:04 | Create | Villager (Male) |
| 7:05 | Create | Villager (Male) |
| 7:05 | Create | Villager (Male) |
| 8:09 | Build | House |
| 8:13 | Create | Villager (Male) |
| 8:13 | Create | Villager (Male) |
| 8:20 | Create | Villager (Male) |
| 8:20 | Create | Villager (Male) |
| 9:13 | Create | Villager (Male) |
| 9:26 | Build | House |
| 9:58 | Build | Mill |
| 10:39 | Research | Feudal Age |
| 10:45 | Build | Mining Camp |
| 11:01 | Build | House |
| 11:10 | Build | Palisade Wall |
| 12:03 | Create | Villager (Male) |
| 12:03 | Create | Villager (Male) |
| 12:53 | Age | Feudal Age |
| 13:03 | Build | Market |
| 13:28 | Create | Villager (Male) |
| 13:57 | Build | Blacksmith |
| 14:28 | Research | Castle Age |
| 15:19 | Research | Double-Bit Axe |
| 15:43 | Research | Stone Mining |
| 16:49 | Create | Villager (Male) |
| 16:50 | Create | Villager (Male) |
| 17:08 | Age | Castle Age |
| 17:26 | Build | Castle |
| 17:46 | Create | Villager (Male) |
| 18:21 | Create | Villager (Male) |
| 18:37 | Build | Town Center |
| 18:42 | Create | Conquistador |
| 18:53 | Build | Mining Camp |
| 18:58 | Create | Villager (Male) |
| 18:59 | Create | Villager (Male) |
| 19:53 | Create | Villager (Male) |
| 20:21 | Build | Mill |
| 20:24 | Create | Villager (Male) |
| 20:27 | Create | Villager (Male) |
| 20:28 | Create | Villager (Male) |
| 20:50 | Build | Farm |
| 20:52 | Build | Farm |
| 21:03 | Create | Villager (Male) |
| 21:03 | Create | Villager (Male) |
| 21:20 | Create | Conquistador |
| 21:35 | Create | Villager (Male) |
| 21:37 | Create | Villager (Male) |
| 21:40 | Create | Conquistador |
| 22:09 | Create | Villager (Male) |
| 22:12 | Create | Villager (Male) |
| 22:13 | Create | Conquistador |
| 22:35 | Build | Town Center |
| 23:16 | Create | Villager (Male) |
| 23:17 | Create | Villager (Male) |
| 23:29 | Create | Villager (Male) |
| 23:52 | Create | Villager (Male) |
| 23:52 | Create | Villager (Male) |
| 24:08 | Create | Villager (Male) |
| 24:15 | Create | Conquistador |
| 24:31 | Create | Villager (Male) |
| 24:36 | Create | Conquistador |
| 25:04 | Create | Villager (Male) |
| 25:07 | Create | Villager (Male) |
| 25:10 | Create | Conquistador |
| 25:11 | Create | Conquistador |
| 25:16 | Build | Farm |
| 25:19 | Build | Farm |
| 25:19 | Build | Farm |
| 25:22 | Build | Farm |
| 25:46 | Create | Conquistador |
| 25:48 | Research | Padded Archer Armor |
| 26:00 | Create | Villager (Male) |
| 26:01 | Create | Villager (Male) |
| 26:04 | Research | Horse Collar |
| 26:12 | Research | Bow Saw |
| 26:13 | Research | Bow Saw |
| 26:24 | Create | Conquistador |
| 26:30 | Create | Villager (Male) |
| 26:30 | Create | Villager (Male) |
| 26:51 | Create | Villager (Male) |
| 26:54 | Build | Farm |
| 27:09 | Build | Farm |
| 27:22 | Create | Villager (Male) |
| 27:23 | Create | Villager (Male) |
| 27:36 | Create | Villager (Male) |
| 27:37 | Create | Villager (Male) |
| 27:39 | Create | Conquistador |
| 28:03 | Create | Conquistador |
| 28:08 | Build | House |
| 28:08 | Build | House |
| 28:22 | Create | Villager (Male) |
| 28:30 | Build | Castle |
| 28:34 | Create | Villager (Male) |
| 28:34 | Create | Villager (Male) |
| 28:52 | Create | Villager (Male) |
| 29:25 | Create | Villager (Male) |
| 29:26 | Create | Villager (Male) |
| 29:39 | Build | Town Center |
| 29:43 | Create | Villager (Male) |
| 29:58 | Build | Farm |
| 30:00 | Build | Farm |
| 30:10 | Build | Farm |
| 30:12 | Build | Farm |
| 30:17 | Build | Farm |
| 30:22 | Build | Farm |
| 30:25 | Create | Conquistador |
| 30:27 | Create | Villager (Male) |
| 30:28 | Create | Villager (Male) |
| 30:37 | Create | Villager (Male) |
| 30:50 | Create | Villager (Male) |
| 30:50 | Create | Villager (Male) |
| 31:10 | Build | Farm |
| 31:14 | Create | Villager (Male) |
| 31:25 | Create | Villager (Male) |
| 31:29 | Build | Mining Camp |
| 31:32 | Create | Conquistador |
| 31:37 | Create | Conquistador |
| 31:38 | Create | Villager (Male) |
| 31:38 | Create | Villager (Male) |
| 31:52 | Create | Villager (Male) |
| 32:00 | Create | Conquistador |
| 32:11 | Create | Villager (Male) |
| 32:29 | Research | Town Watch |
| 32:30 | Create | Villager (Male) |
| 32:34 | Create | Conquistador |
| 32:34 | Create | Conquistador |
| 32:52 | Build | University |
| 33:04 | Create | Villager (Male) |
Build order — FOFOCA
First 150 of 326 actions detected
| 0:06 | Build | Town Center |
| 2:32 | Create | Villager (Male) |
| 2:32 | Create | Villager (Male) |
| 2:33 | Create | Villager (Male) |
| 2:33 | Create | Villager (Male) |
| 2:39 | Build | House |
| 2:45 | Build | House |
| 2:56 | Build | House |
| 3:32 | Research | Loom |
| 3:32 | Research | Loom |
| 3:34 | Create | Villager (Male) |
| 4:06 | Create | Villager (Male) |
| 4:06 | Create | Villager (Male) |
| 4:06 | Create | Villager (Male) |
| 4:45 | Build | House |
| 5:05 | Build | House |
| 5:07 | Create | Villager (Male) |
| 5:07 | Create | Villager (Male) |
| 5:30 | Create | Villager (Male) |
| 5:30 | Create | Villager (Male) |
| 5:50 | Create | Villager (Male) |
| 5:51 | Create | Villager (Male) |
| 5:51 | Create | Villager (Male) |
| 6:13 | Build | Lumber Camp |
| 6:31 | Create | Villager (Male) |
| 6:31 | Create | Villager (Male) |
| 6:31 | Create | Villager (Male) |
| 6:53 | Build | House |
| 7:24 | Create | Villager (Male) |
| 7:25 | Create | Villager (Male) |
| 7:26 | Create | Villager (Male) |
| 7:26 | Create | Villager (Male) |
| 7:27 | Create | Villager (Male) |
| 7:27 | Create | Villager (Male) |
| 7:27 | Create | Villager (Male) |
| 8:03 | Build | House |
| 8:15 | Build | Palisade Wall |
| 8:40 | Create | Villager (Male) |
| 8:40 | Create | Villager (Male) |
| 8:46 | Build | Palisade Wall |
| 9:02 | Create | Villager (Male) |
| 9:50 | Build | Mining Camp |
| 10:18 | Research | Feudal Age |
| 10:35 | Create | Villager (Male) |
| 10:37 | Research | Feudal Age |
| 11:03 | Build | Palisade Wall |
| 12:53 | Build | Mill |
| 13:18 | Create | Villager (Male) |
| 13:18 | Create | Villager (Male) |
| 13:27 | Age | Feudal Age |
| 13:34 | Build | Market |
| 14:04 | Build | Blacksmith |
| 14:09 | Create | Villager (Male) |
| 14:36 | Research | Castle Age |
| 14:36 | Research | Castle Age |
| 14:37 | Research | Castle Age |
| 15:43 | Build | House |
| 16:02 | Research | Double-Bit Axe |
| 17:05 | Build | Mining Camp |
| 17:16 | Age | Castle Age |
| 17:26 | Build | Castle |
| 17:33 | Create | Villager (Male) |
| 18:12 | Create | Conquistador |
| 18:12 | Create | Conquistador |
| 18:12 | Create | Conquistador |
| 18:18 | Create | Villager (Male) |
| 18:30 | Build | House |
| 18:31 | Build | House |
| 18:42 | Create | Villager (Male) |
| 18:45 | Create | Conquistador |
| 18:45 | Create | Conquistador |
| 19:06 | Build | Town Center |
| 19:20 | Create | Villager (Male) |
| 19:37 | Build | House |
| 19:38 | Build | House |
| 20:03 | Build | Farm |
| 20:14 | Build | House |
| 20:16 | Build | House |
| 20:19 | Create | Villager (Male) |
| 20:22 | Build | Farm |
| 20:24 | Build | Farm |
| 20:41 | Create | Conquistador |
| 20:42 | Create | Conquistador |
| 20:53 | Build | Farm |
| 20:58 | Create | Conquistador |
| 20:58 | Create | Conquistador |
| 20:58 | Create | Conquistador |
| 21:21 | Create | Villager (Male) |
| 21:36 | Create | Conquistador |
| 21:36 | Create | Conquistador |
| 21:39 | Build | Farm |
| 21:42 | Build | Farm |
| 21:45 | Create | Conquistador |
| 21:45 | Create | Conquistador |
| 22:22 | Create | Conquistador |
| 22:26 | Build | Farm |
| 22:31 | Create | Villager (Male) |
| 23:05 | Create | Villager (Male) |
| 23:09 | Create | Conquistador |
| 23:09 | Create | Conquistador |
| 23:10 | Create | Conquistador |
| 23:17 | Build | Farm |
| 23:18 | Build | Farm |
| 23:31 | Build | Farm |
| 23:33 | Create | Villager (Male) |
| 23:40 | Create | Conquistador |
| 23:40 | Create | Conquistador |
| 23:53 | Build | Farm |
| 23:56 | Create | Conquistador |
| 23:57 | Create | Conquistador |
| 23:57 | Create | Conquistador |
| 24:13 | Research | Padded Archer Armor |
| 24:13 | Research | Padded Archer Armor |
| 24:21 | Create | Villager (Male) |
| 24:21 | Create | Villager (Male) |
| 24:26 | Build | Farm |
| 24:38 | Create | Villager (Male) |
| 24:38 | Create | Villager (Male) |
| 24:38 | Create | Villager (Male) |
| 24:55 | Create | Villager (Male) |
| 24:55 | Create | Villager (Male) |
| 25:00 | Build | Farm |
| 25:01 | Build | Farm |
| 25:07 | Create | Villager (Male) |
| 25:11 | Create | Conquistador |
| 25:11 | Create | Conquistador |
| 25:11 | Create | Conquistador |
| 25:21 | Create | Villager (Male) |
| 25:21 | Create | Villager (Male) |
| 25:44 | Create | Conquistador |
| 25:44 | Create | Conquistador |
| 25:44 | Create | Conquistador |
| 25:47 | Create | Villager (Male) |
| 26:10 | Create | Conquistador |
| 26:11 | Create | Conquistador |
| 26:22 | Create | Villager (Male) |
| 26:24 | Build | Barracks |
| 26:33 | Create | Villager (Male) |
| 26:34 | Create | Villager (Male) |
| 26:38 | Create | Villager (Male) |
| 26:47 | Build | Farm |
| 26:57 | Build | Stable |
| 27:07 | Create | Villager (Male) |
| 27:07 | Create | Villager (Male) |
| 27:07 | Create | Villager (Male) |
| 27:20 | Create | Villager (Male) |
| 27:34 | Research | Husbandry |
| 27:34 | Research | Husbandry |
| 27:35 | Create | Villager (Male) |
| 27:36 | Create | Villager (Male) |
Build order — 姆狗
First 150 of 238 actions detected
| 0:07 | Build | Town Center |
| 0:30 | Build | House |
| 2:20 | Create | Villager (Male) |
| 2:20 | Create | Villager (Male) |
| 2:20 | Create | Villager (Male) |
| 2:20 | Create | Villager (Male) |
| 3:12 | Build | House |
| 3:20 | Create | Villager (Male) |
| 3:20 | Create | Villager (Male) |
| 3:25 | Build | House |
| 3:39 | Build | House |
| 3:49 | Build | House |
| 4:07 | Create | Villager (Male) |
| 4:07 | Create | Villager (Male) |
| 4:27 | Build | House |
| 4:30 | Create | Villager (Male) |
| 4:30 | Create | Villager (Male) |
| 4:56 | Build | Lumber Camp |
| 5:14 | Create | Villager (Male) |
| 5:14 | Create | Villager (Male) |
| 5:14 | Create | Villager (Male) |
| 5:18 | Create | Villager (Male) |
| 6:12 | Create | Villager (Male) |
| 6:12 | Create | Villager (Male) |
| 6:24 | Create | Villager (Male) |
| 6:24 | Create | Villager (Male) |
| 6:25 | Create | Villager (Male) |
| 6:25 | Create | Villager (Male) |
| 6:28 | Create | Villager (Male) |
| 6:33 | Build | House |
| 7:15 | Create | Villager (Male) |
| 7:39 | Create | Villager (Male) |
| 7:50 | Build | Mill |
| 9:18 | Research | Feudal Age |
| 9:20 | Research | Loom |
| 9:46 | Build | House |
| 11:35 | Age | Feudal Age |
| 11:37 | Create | Villager (Male) |
| 11:37 | Create | Villager (Male) |
| 11:42 | Create | Villager (Male) |
| 11:54 | Build | Blacksmith |
| 12:13 | Create | Villager (Male) |
| 12:23 | Build | Watch Tower |
| 12:48 | Create | Villager (Male) |
| 13:17 | Build | Watch Tower |
| 13:36 | Create | Villager (Male) |
| 13:44 | Create | Villager (Male) |
| 13:52 | Research | Fletching |
| 13:52 | Research | Fletching |
| 13:54 | Create | Villager (Male) |
| 14:58 | Create | Villager (Male) |
| 14:59 | Build | House |
| 15:01 | Build | House |
| 16:14 | Build | Watch Tower |
| 17:32 | Build | Watch Tower |
| 17:38 | Create | Villager (Male) |
| 17:38 | Create | Villager (Male) |
| 17:39 | Create | Villager (Male) |
| 17:39 | Create | Villager (Male) |
| 17:39 | Create | Villager (Male) |
| 17:45 | Build | Lumber Camp |
| 17:47 | Create | Villager (Male) |
| 18:36 | Build | House |
| 18:39 | Create | Villager (Male) |
| 18:55 | Build | Mill |
| 19:06 | Create | Villager (Male) |
| 19:19 | Build | Mill |
| 19:31 | Build | Watch Tower |
| 19:54 | Create | Villager (Male) |
| 20:07 | Build | Palisade Gate |
| 20:10 | Build | House |
| 20:18 | Build | House |
| 20:21 | Build | House |
| 20:30 | Create | Villager (Male) |
| 21:00 | Build | House |
| 21:04 | Create | Villager (Male) |
| 21:13 | Build | Outpost |
| 21:20 | Create | Villager (Male) |
| 21:26 | Build | Mill |
| 21:47 | Build | Mining Camp |
| 22:34 | Build | Market |
| 22:37 | Build | Palisade Wall |
| 22:46 | Create | Villager (Male) |
| 22:47 | Create | Villager (Male) |
| 23:22 | Research | Double-Bit Axe |
| 23:25 | Create | Villager (Male) |
| 23:48 | Research | Stone Mining |
| 24:09 | Create | Villager (Male) |
| 24:41 | Research | Castle Age |
| 24:42 | Research | Castle Age |
| 24:51 | Build | Mining Camp |
| 26:15 | Build | Watch Tower |
| 27:17 | Create | Villager (Male) |
| 27:17 | Create | Villager (Male) |
| 27:21 | Age | Castle Age |
| 27:33 | Build | Town Center |
| 27:53 | Create | Villager (Male) |
| 27:57 | Build | Town Center |
| 28:19 | Research | Bodkin Arrow |
| 28:21 | Create | Villager (Male) |
| 28:25 | Research | Bow Saw |
| 28:30 | Research | Horse Collar |
| 28:42 | Build | Farm |
| 28:44 | Build | Farm |
| 28:44 | Build | Farm |
| 28:45 | Build | Farm |
| 28:53 | Build | Farm |
| 28:53 | Build | Farm |
| 28:54 | Build | Farm |
| 28:55 | Build | Farm |
| 29:11 | Create | Villager (Male) |
| 29:12 | Create | Villager (Male) |
| 29:19 | Build | Farm |
| 29:20 | Build | Farm |
| 29:22 | Build | Farm |
| 29:23 | Build | Farm |
| 29:24 | Build | Farm |
| 29:25 | Build | Farm |
| 29:26 | Build | Farm |
| 29:32 | Build | Farm |
| 29:33 | Build | Farm |
| 29:34 | Build | Farm |
| 29:35 | Build | Farm |
| 29:36 | Build | Farm |
| 29:37 | Build | Farm |
| 29:39 | Create | Villager (Male) |
| 30:05 | Create | Villager (Male) |
| 30:07 | Create | Villager (Male) |
| 30:20 | Create | Villager (Male) |
| 30:31 | Create | Villager (Male) |
| 30:38 | Build | Farm |
| 30:40 | Create | Villager (Male) |
| 30:45 | Create | Villager (Male) |
| 30:53 | Build | Farm |
| 30:54 | Build | Farm |
| 30:55 | Build | Farm |
| 30:56 | Build | Farm |
| 31:00 | Create | Villager (Male) |
| 31:03 | Create | Villager (Male) |
| 31:09 | Create | Villager (Male) |
| 31:20 | Create | Villager (Male) |
| 31:21 | Create | Villager (Male) |
| 31:23 | Create | Villager (Male) |
| 31:43 | Create | Villager (Male) |
| 31:46 | Create | Villager (Male) |
| 31:49 | Create | Villager (Male) |
| 32:03 | Create | Villager (Male) |
| 32:05 | Create | Villager (Male) |
| 32:22 | Build | Siege Workshop |
| 32:37 | Create | Villager (Male) |
Match timeline
| 3:49 | DEMLOUDBOYZ · wall_segment Palisade Wall x1 |
| 8:15 | FOFOCA · wall_segment Palisade Wall x13 |
| 8:46 | FOFOCA · wall_segment Palisade Wall x2 |
| 10:28 | DEMLOUDBOYZ · first_building Barracks |
| 11:03 | FOFOCA · wall_segment Palisade Wall x7 |
| 11:08 | Cronik · first_building Barracks |
| 11:10 | Cronik · wall_segment Palisade Wall x1 |
| 11:10 | Wents · wall_segment Palisade Wall x1 |
| 11:29 | DEMLOUDBOYZ · first_building Archery Range |
| 11:35 | 姆狗 · age_up feudal |
| 11:39 | Cronik · wall_segment Palisade Wall x6 |
| 11:45 | Cronik · wall_segment Palisade Wall x12 |
| 11:47 | Cronik · wall_segment Palisade Wall x6 |
| 11:59 | Cronik · age_up feudal |
| 12:08 | Cronik · first_building Archery Range |
| 12:11 | BruceC · first_building Barracks |
| 12:40 | Equilibrium · wall_segment Palisade Wall x1 |
| 12:42 | Equilibrium · wall_segment Palisade Wall x1 |
| 12:44 | Equilibrium · wall_segment Palisade Wall x1 |
| 12:50 | PedrodeMatos · first_building Barracks |
| 12:53 | Wents · age_up feudal |
| 12:54 | Equilibrium · wall_segment Palisade Wall x1 |
| 13:04 | Equilibrium · age_up feudal |
| 13:27 | FOFOCA · age_up feudal |
| 13:33 | PedrodeMatos · age_up feudal |
| 13:49 | BruceC · age_up feudal |
| 14:13 | Wents · first_market_sell 100 stone |
| 14:16 | BruceC · first_building Archery Range |
| 14:30 | FOFOCA · first_market_sell 100 stone |
| 14:42 | PedrodeMatos · first_building Stable |
| 14:58 | Equilibrium · first_market_buy 100 stone |
| 17:08 | Wents · age_up castle |
| 17:16 | FOFOCA · age_up castle |
| 17:26 | Wents · first_building Castle |
| 17:26 | FOFOCA · first_building Castle |
| 17:47 | BruceC · age_up castle |
| 17:49 | BruceC · first_building Castle |
| 17:56 | Cronik · first_market_sell 100 wood |
| 17:59 | Cronik · first_market_buy 100 food |
| 18:40 | FOFOCA · first_market_buy 100 stone |
| 20:06 | PedrodeMatos · age_up castle |
| 21:59 | Cronik · wall_segment Palisade Wall x1 |
| 22:00 | Cronik · wall_segment Palisade Wall x1 |
| 22:17 | PedrodeMatos · first_building Siege Workshop |
| 22:22 | Equilibrium · first_building Barracks |
| 22:37 | 姆狗 · wall_segment Palisade Wall x2 |
| 23:51 | DEMLOUDBOYZ · first_market_buy 100 food |
| 24:38 | 姆狗 · first_market_sell 100 food |
| 25:31 | Cronik · age_up castle |
| 26:10 | Wents · first_market_buy 100 wood |
| 26:24 | FOFOCA · first_building Barracks |
| 26:57 | FOFOCA · first_building Stable |
| 26:59 | DEMLOUDBOYZ · first_building Castle |
| 27:21 | 姆狗 · age_up castle |
| 29:07 | Equilibrium · first_market_sell 100 wood |
| 29:08 | 姆狗 · first_market_buy 100 food |
| 29:52 | Cronik · first_building Siege Workshop |
| 31:04 | DEMLOUDBOYZ · first_building Siege Workshop |
| 32:04 | PedrodeMatos · first_building Monastery |
| 32:09 | Equilibrium · age_up castle |
| 32:22 | 姆狗 · first_building Siege Workshop |
| 32:50 | 姆狗 · first_building Castle |
| 33:20 | Cronik · first_building Castle |
| 33:59 | PedrodeMatos · first_market_sell 100 food |
| 34:10 | PedrodeMatos · first_market_buy 100 stone |
| 35:14 | Wents · first_building Barracks |
| 35:21 | DEMLOUDBOYZ · first_market_sell 100 wood |
| 35:30 | Equilibrium · first_building Castle |
| 35:39 | Equilibrium · first_building Monastery |
| 35:40 | Wents · first_building Stable |
| 36:06 | BruceC · wall_segment Stone Wall x5 |
| 36:07 | BruceC · wall_segment Stone Wall x6 |
| 36:08 | BruceC · wall_segment Stone Wall x6 |
| 36:08 | BruceC · wall_segment Stone Wall x9 |
| 36:10 | BruceC · wall_segment Stone Wall x7 |
| 36:11 | BruceC · wall_segment Stone Wall x4 |
| 37:57 | PedrodeMatos · age_up imperial |
| 38:44 | BruceC · age_up imperial |
| 39:32 | Cronik · resign |
[ AI ANALYSIS · 1 CREDIT ]
What really happened in this match?
Wolo.gg analyzes every decision: build order, eco, micro, common mistakes by bracket. Personalized analysis on WhatsApp or Discord in 30 seconds.
Civ guide
Huns
Perfil
Jugador #24115291